 Dungeon Crawl Stone Soup version 0.31-a0-219-g8d62b2e7bb (webtiles) character file.

Game seed: 9928914285002648364

273055 Anon1729 the Warrior (level 19, -26/180 HPs)
             Began as a Minotaur Monk on July 3, 2023.
             Was a Priest of Uskayaw.
             Annihilated by a deep elf blademaster
             ... wielding a +1 heavy quick blade
              (27 damage)
             ... on level 1 of the Elven Halls.
             The game lasted 00:34:13 (34005 turns).

Anon1729 the Warrior (Minotaur Monk)               Turns: 34005, Time: 00:34:14

Health: -26/180    AC: 12    Str: 19      XL:     19   Next: 49%
Magic:  16/29      EV: 40    Int:  8 (10) God:    Uskayaw [***...]
Gold:   2347       SH:  0    Dex: 21      Spells: 18/18 levels left

rFire   . . .        M - +4 short sword (vamp)
rCold   + . .        d - orb {light}
rNeg    . . .        v - +1 troll leather armour {Pargi}
rPois   +            Y - +2 hat {Will+}
rElec   +            P - scarf of Cirphioph {repulsion, -Cast rPois rCorr Slay+4}
rCorr   +            T - +0 pair of gloves
SInv    .            (no boots)
Will    ++...        S - amulet "Gisoex" {Acrobat rElec rC+ Slay+2}
Stlth   +            w - ring "Seifo" {Fly Str+3 Int+3}
HPRegen 1.30/turn    i - ring of poison resistance
MPRegen 0.21/turn

%: no spellcasting, repel missiles, acrobat
@: about to teleport, acrobatic, flying, hasted, glowing, very quick
A: horns 2, retaliatory headbutt, mutation resistance 1
}: 2/15 runes: decaying, serpentine
a: Renounce Religion, Stomp, Line Pass


You were on level 1 of the Elven Halls.
You worshipped Uskayaw.
Uskayaw was pleased with you.
You visited 7 branches of the dungeon, and saw 33 of its levels.
You visited the Abyss 1 time.
You also visited: Sewer and Ossuary.

You collected 3407 gold pieces.
You spent 1060 gold pieces at shops.

Inventory:

Hand Weapons
 t - the +10 dagger of Feucsokar {freeze, rC- Will+ Dex+3}
   (You found it on level 3 of the Lair of Beasts)

   Dex:       It affects your dexterity (+3).
   rC:        It makes you vulnerable to cold.
   Will:      It increases your willpower.
 M - a +4 vampiric short sword (weapon)
Missiles
 b - 2 throwing nets
 L - 7 atropa-tipped darts
Armour
 d - an orb of light (worn)
 v - a +1 troll leather armour (worn) {Pargi}
 P - the scarf of Cirphioph (worn) {repulsion, -Cast rPois rCorr Slay+4}
   (You acquired it on level 10 of the Dungeon)

   Slay:      It affects your accuracy & damage with ranged weapons and melee
   (+4).
   rPois:     It protects you from poison.
   -Cast:     It prevents spellcasting.
   rCorr:     It protects you from acid and corrosion.
 T - a +0 pair of gloves (worn)
 Y - a +2 hat of willpower (worn)
Jewellery
 i - a ring of poison resistance (right hand)
 o - a ring of fire
 w - the ring "Seifo" (left hand) {Fly Str+3 Int+3}
   (You found it on level 11 of the Dungeon)

   [ring of flight]

   Str:       It affects your strength (+3).
   Int:       It affects your intelligence (+3).
   Fly:       It grants you flight.
 K - a ring of see invisible
 S - the amulet "Gisoex" (around neck) {Acrobat rElec rC+ Slay+2}
   (You bought it in a shop on level 4 of the Snake Pit)

   [amulet of the acrobat]

   It increases your evasion while moving and waiting.
   Slay:      It affects your accuracy & damage with ranged weapons and melee
   (+2).
   rC:        It protects you from cold.
   rElec:     It insulates you from electricity.
 X - an amulet of reflection
Wands
 g - a wand of charming (1)
 p - a wand of acid (30)
 y - a wand of flame (62)
 I - a wand of polymorph (29)
 N - a wand of iceblast (42)
 U - a wand of mindburst (47)
 W - a wand of digging (27)
Scrolls
 j - a scroll of silence
 k - 5 scrolls of blinking
 l - 11 scrolls of revelation
 m - 4 scrolls of immolation
 n - 5 scrolls of vulnerability
 r - 5 scrolls of identify
 s - 8 scrolls of teleportation
 u - 9 scrolls of fog
 x - 12 scrolls of amnesia
 A - 3 scrolls of fear
 C - 6 scrolls of poison
 H - 2 scrolls of summoning
 Q - a scroll of enchant armour
 V - 5 scrolls of brand weapon
 Z - 3 scrolls of enchant weapon
Potions
 a - a potion of haste
 c - 2 potions of ambrosia
 e - 16 potions of curing
 f - 5 potions of attraction
 h - 3 potions of berserk rage
 q - 6 potions of mutation
 z - a potion of magic
 B - 3 potions of lignification
 D - 2 potions of resistance
 E - 6 potions of brilliance
 F - 7 potions of heal wounds
 J - 5 potions of enlightenment
 O - 5 potions of invisibility
 R - 2 potions of might
Miscellaneous
 G - a lightning rod (2/4)


   Skills:
 + Level 18.5 Fighting
 + Level 17.0 Short Blades
 + Level 17.8 Armour
 + Level 17.0 Dodging
 + Level 14.8 Invocations
 + Level 13.5 Evocations


You had 18 spell levels left.
You didn't know any spells.
Your spell library contained the following spells:

 Spells                   Type           Power      Damage    Failure   Level
 Apportation              Tloc           0%         N/A       43%         1
 Beastly Appendage        Tmut           0%         N/A       43%         1
 Freeze                   Ice            0%         1d3       43%         1
 Necrotise                Necr           0%         1d4       43%         1
 Sting                    Tmut/Pois      0%         1d3       43%         1
 Summon Small Mammal      Summ           0%         N/A       43%         1
 Cigotuvi's Dreadful Rot  Necr/Pois/Air  0%         N/A       58%         2
 Sublimation of Blood     Necr           0%         N/A       58%         2
 Dazzling Flash           Conj/Hex       0%         N/A       82%         3
 Frozen Ramparts          Ice            0%         1d1       82%         3
 Hailstorm                Conj/Ice       0%         3d3       82%         3
 Ignite Poison            Fire/Tmut/Pois 0%         N/A       82%         3
 Ozocubu's Armour         Ice            0%         N/A       82%         3
 Stone Arrow              Conj/Erth      0%         3d7       82%         3
 Volatile Blastmotes      Fire/Tloc      0%         2d10      82%         3
 Animate Armour           Summ/Erth      0%         N/A       99%         4
 Iskenderun's Mystic Bla  Conj/Tloc      0%         2d3       99%         4
 Petrify                  Tmut/Erth      0%         N/A       99%         4
 Agony                    Necr           0%         N/A       100%        5
 Alistair's Intoxication  Tmut/Pois      0%         N/A       100%        5
 Blade Hands              Tmut           0%         N/A       100%        5
 Borgnjor's Vile Clutch   Necr/Erth      0%         N/A       100%        5
 Fireball                 Conj/Fire      0%         3d3       100%        5
 Freezing Cloud           Conj/Ice/Air   0%         6-21      100%        5
 Irradiate                Conj/Tmut      0%         3d11      100%        5
 Iskenderun's Battlesphe  Conj           0%         2d6       100%        5
 Silence                  Hex/Air        0%         N/A       100%        5
 Conjure Ball Lightning   Conj/Air       0%         3x3d6     100%        6
 Eringya's Noxious Bog    Tmut/Pois      0%         N/A       100%        6
 Starburst                Conj/Fire      0%         6d3       100%        6
 Statue Form              Tmut/Erth      0%         N/A       100%        6
 Dragon Form              Tmut           0%         N/A       100%        7
 Orb of Destruction       Conj           0%         9d5       100%        7
 Ozocubu's Refrigeration  Ice            0%         4d7       100%        7
 Lehudib's Crystal Spear  Conj/Erth      0%         10d2      100%        8


Dungeon Overview and Level Annotations

Branches:
Dungeon (15/15)            Temple (1/1) D:6            Lair (5/5) D:10
  Swamp (4/4) Lair:2        Snake (4/4) Lair:2        Slime (0/5) Lair:5
    Orc (2/2) D:12            Elf (2/3) Orc:2        Vaults (0/5) D:14
 Depths (0/4) D:15          Sewer (visited)         Ossuary (visited)

Altars:
Ashenzari
Cheibriados
Dithmenos
Elyvilon
Fedhas
Gozag
Hepliaklqana
Kikubaaqudgha
Makhleb
Nemelex Xobeh
Okawaru
Qazlal
Ru
Sif Muna
Trog
Uskayaw
Vehumet
Wu Jian
Xom
Yredelemnul
Zin
The Shining One
Jiyva

Shops:
Orc:2 =**?   Snake:4 =

Portals:
Hell: Lair:5

Annotations:
D:9 1 runed translucent door, Reshi88's ghost, novice MiFi
Elf:1 1 transporter, Inaomoin's ghost, adept GrEE


Innate Abilities, Weirdness & Mutations

You have a pair of horns on your head.
You reflexively headbutt those who attack you in melee.
You are somewhat resistant to further mutation.


Message History

You kill the deep elf blademaster!
The moth of wrath goads the deep elf blademaster on!
The deep elf blademaster goes berserk!
Your Short Blades skill increases to level 17!
You hit the deep elf blademaster.
You feel better.
The deep elf blademaster is lightly wounded.
The deep elf blademaster barely misses you.
You furiously retaliate!
You headbutt the deep elf blademaster.
The deep elf blademaster hits you with a +1 heavy quick blade!!
The deep elf blademaster completely misses you.
The deep elf blademaster hits you with a +0 heavy quick blade!!
Okay, then.
Okay, then.
Blink to where?
Press: ? - help, Dir - move target
As you read the scroll of blinking, it crumbles to dust.
As you read the scroll of teleportation, it crumbles to dust.
You feel strangely unstable.
The deep elf blademaster rages.
Aiming: Thunderbolt
Press: ? - help, Shift-Dir - straight line, f - deep elf blademaster
Aim: a deep elf blademaster, wielding a +1 heavy quick blade and a +0 heavy quick blade and wearing a +2 leather armour (lightly wounded, berserk)
The thunderbolt hits the deep elf blademaster!!
The deep elf blademaster is lightly wounded.
The deep elf blademaster rages.
Uskayaw will force your foes to helplessly watch your dance.
Uskayaw prepares the audience for your solo!
The deep elf blademaster is no longer paralysed.
The deep elf blademaster hits you with a +1 heavy quick blade!!!
* * * LOW HITPOINT WARNING * * *
The deep elf blademaster hits you with a +1 heavy quick blade!
* * * LOW HITPOINT WARNING * * *
The deep elf blademaster completely misses you. x2
The deep elf blademaster attacks as you move away!
The deep elf blademaster closely misses you.
You furiously retaliate!
You headbutt the deep elf blademaster!
The deep elf blademaster hits you with a +1 heavy quick blade!
* * * LOW HITPOINT WARNING * * *
The deep elf blademaster hits you with a +0 heavy quick blade!!
You die...

## ##...........# #.#>##.#...#.
.######....©....### #.#....#...#.
.........#####....###.####.#...'.
..)....###.eW###...##......#####.
......##....y.###..#########...#.
.##...###...### #...# #...'.
.##..## ###y# ###..# #...#.
###..#.. ≈.!?###.#..# #...## #
#..#©.##:_!...@#..# #...#. #
#..#.......##.e#..#### #...#. #
#..##..... #.##.....#####...#. #
#...#....###..#..........###### #
##..##....#y###........)...####
####)..###yyy###....(.........#..
.........#####......).........#..
.######....©....#................
..# ###.....####............#..


You could see a deep elf blademaster (berserk) and 2 moths of wrath.

Vanquished Creatures
  Mara (Snake:4)
  Vashnia (Snake:2)
  Nikola (Elf:2)
  Jorgrun (D:12)
  Rupert (D:12)
  2 quicksilver dragons (Snake:4)
  2 deep elf blademasters
  Frances (Elf:1)
  3 tentacled starspawn (Abyss:2)
  Gastronok (Lair:1)
  Roxanne (Elf:1)
  Agnes (Snake:2)
  2 thorn hunters
  Donald (Snake:2)
  2 nagarajas (Snake:4)
  A fenstrider witch (Swamp:2)
  A deep elf sorcerer (Elf:1)
  Aizul (Snake:3)
  A deep elf elementalist (Elf:1)
  Louise (D:15)
  3 orc warlords (Orc:1)
  A very ugly thing (Swamp:4)
  A stone giant (D:15)
  An ironbound preserver (D:14)
  A deep elf demonologist (Elf:2)
  8 eleionomae
  Snorg (D:13)
  3 bunyips (Swamp:1)
  An entropy weaver (shapeshifter) (D:15)
  A deep elf death mage (Elf:2)
  2 great orbs of eyes (Swamp:4)
  3 green deaths
  A rakshasa (D:14)
  4 salamander tyrants (Snake:4)
  21 hydras
  A hell beast (Swamp:4)
  2 catoblepae
  3 centaur warriors
  3 ogre magi
  9 anacondas
  The ghost of Arzdou the Covert, a journeyman SpEn of Wu Jian (Lair:1)
  17 two-headed ogres
  4 death yaks (Lair:5)
  The ghost of t4s4d4r the Transmogrifier, a journeyman FeTm of Gozag (Lair:5)
  30 dancing weapons
  5 boulder beetles
  12 naga sharpshooters
  10 alligators
  15 naga warriors
  Urug (D:13)
  An orc high priest (Elf:2)
  A tengu warrior (D:15)
  A thrashing horror (Abyss:2)
  9 shock serpents
  A hell knight (D:15)
  A spriggan berserker (Swamp:4)
  An iron troll (Orc:2)
  14 deep elf knights
  A salamander mystic (Snake:4)
  A sixfirhy (Lair:5)
  4 skysharks
  A wretched star (Abyss:2)
  3 spriggan druids
  4 goliath frogs
  6 swamp dragons
  7 naga ritualists
  2 deep trolls
  4 wizards
  6 bog bodies
  Pikel (D:8)
  2 orc knights
  9 deep elf archers
  An anaconda skeleton (Abyss:2)
  27 deep elf pyromancers
  10 mana vipers
  16 deep elf zephyrmancers
  7 cyclopes
  20 ugly things
  An orc sorcerer (Orc:2)
  3 manticores
  8 salamanders
  47 black mambas
  A smoke demon (Lair:5)
  10 guardian serpents
  5 orange demons
  8 elephants
  3 gargoyles
  12 naga magi
  A torpor snail (Lair:5)
  10 cane toads
  An unseen horror (D:11)
  An efreet (Abyss:2)
  16 komodo dragons
  A freezing wraith (D:13)
  A tengu conjurer (D:15)
  6 rime drakes
  An ice devil (Lair:5)
  A red devil (Lair:5)
  2 polar bears
  A bloated husk (Swamp:4)
  5 hornets
  4 raiju (Abyss:2)
  14 trolls
  12 tyrant leeches
  40 blink frogs
  Sigmund (D:3)
  A jumping spider (shapeshifter) (D:8)
  7 spriggans
  4 air elementals
  23 yaks
  A yak (shapeshifter) (Elf:1)
  A water elemental (Elf:1)
  17 slime creatures
  3 shadows
  5 wraiths
  A human (shapeshifter) (D:13)
  2 culicivoras (shapeshifter)
  4 basilisks
  2 death yak simulacra (D:13)
  An unseen horror simulacrum (D:9)
  2 chaos spawn (Abyss:2)
  A steam dragon (D:9)
  A fire elemental (Elf:1)
  4 small abominations
  14 vampire mosquitoes
  Menkaure (D:4)
  25 nagas
  14 swamp worms
  3 wargs
  19 water moccasins
  4 hell hounds (Lair:5)
  2 acid dragons
  Duvessa (D:4)
  A swamp drake (Swamp:1)
  5 large abominations
  31 orc warriors
  A sky beast (D:6)
  5 ice beasts
  4 black bears
  Pargi (D:3)
  23 wolves
  A lemure (D:8)
  27 ogres
  16 centaurs
  2 phantoms
  3 kobold brigands
  An elf zombie (Ossuary)
  11 bullfrogs
  A two-headed ogre simulacrum (D:13)
  3 earth elementals
  A scorpion (D:4)
  5 gnoll sergeants
  A hornet simulacrum (D:14)
  Dowan (D:4)
  An elephant simulacrum (D:13)
  8 killer bees
  13 howler monkeys
  An electric eel (D:9)
  3 lava snakes (Lair:2)
  A quasit (Abyss:2)
  17 orc priests
  8 hounds
  3 jellies
  2 gnoll boudas
  An iron imp (Abyss:2)
  Jessica (D:3)
  Natasha (thrice) (D:3)
  3 iguanas
  19 orc wizards
  3 troll simulacra (D:13)
  A polar bear simulacrum (D:13)
  A hound zombie (Ossuary)
  4 mummies (Ossuary)
  32 gnolls
  5 adders
  A shadow imp (D:6)
  3 white imps
  An ufetubus (D:4)
  2 adder zombies (Ossuary)
  4 worms
  3 dart slugs (D:2)
  89 orcs
  14 ball pythons
  3 bats
  16 endoplasms
  11 giant cockroaches
  6 goblins
  8 jackals
  16 kobolds
  7 quokkas (Sewer)
  6 frilled lizards
  2 hobgoblin zombies (Ossuary)
  2 jackal zombies (Ossuary)
  A kobold zombie (Ossuary)
  2 orc zombies (Ossuary)
  2 rats (D:1)
  A rat zombie (Ossuary)
  A spectral weapon (Snake:2)
  3 starspawn tentacles (Abyss:2)
1210 creatures vanquished.

Vanquished Creatures (others)
  A nagaraja (Snake:4)
  A deep elf knight (Elf:2)
  A goliath frog (Swamp:2)
  A bog body (Swamp:1)
  A deep elf pyromancer (Elf:2)
  A deep elf zephyrmancer (Elf:2)
  2 bloated husks
  An air elemental (Elf:1)
  5 vampire mosquitoes (Swamp:2)
  A swamp drake (Swamp:2)
  An orc (D:9)
  An endoplasm (D:1)
  10 starspawn tentacles (Abyss:2)
27 creatures vanquished.

Grand Total: 1237 creatures vanquished

Notes
Turn   | Place    | Note
-------+----------+-------------------------------------------
     0 | D:1      | Anon1729 the Minotaur Monk began the quest for the Orb.
     0 | D:1      | Reached XP level 1. HP: 19/19 MP: 0/0
   319 | D:1      | Reached XP level 2. HP: 27/27 MP: 1/1
   744 | D:1      | Reached skill level 4 in Fighting
  1004 | D:2      | Reached XP level 3. HP: 18/33 MP: 2/2
  1382 | D:2      | Found a faded altar of an unknown god.
  1603 | D:3      | Found a glowing golden altar of the Shining One.
  1604 | D:3      | Noticed Natasha
  1613 | D:3      | Killed Natasha
  1614 | D:3      | Reached XP level 4. HP: 28/41 MP: 3/3
  1706 | D:3      | Noticed Natasha
  1711 | D:3      | Killed Natasha
  1802 | D:3      | Noticed Jessica
  1806 | D:3      | Killed Jessica
  1807 | D:3      | Reached skill level 5 in Fighting
  1837 | D:3      | Noticed Pargi
  1850 | D:3      | Killed Pargi
  1851 | D:3      | Reached XP level 5. HP: 25/48 MP: 4/4
  1962 | D:3      | Noticed Sigmund
  1977 | D:3      | Killed Sigmund
  1978 | D:3      | Reached skill level 5 in Short Blades
  1978 | D:3      | Reached skill level 1 in Armour
  1978 | D:3      | Reached skill level 5 in Dodging
  1978 | D:3      | Reached skill level 1 in Invocations
  1978 | D:3      | Reached XP level 6. HP: 57/57 MP: 5/5
  2022 | D:3      | Noticed Natasha
  2124 | D:3      | Killed Natasha
  2125 | D:3      | Reached skill level 1 in Evocations
  2180 | D:3      | You fall into a shaft and drop 3 floors!
  2180 | D:6      | Found a sand-covered staircase.
  2182 | D:6      | Noticed a water moccasin
  2186 | Ossuary  | Entered an ossuary
  2250 | Ossuary  | Reached XP level 7. HP: 50/62 MP: 7/7
  2451 | D:6      | Reached skill level 6 in Fighting
  2588 | D:6      | Found a faded altar of an unknown god.
  2588 | D:6      | Found a faded altar of an unknown god.
  2626 | D:6      | Found a glowing silver altar of Zin.
  2628 | D:6      | Found a snail-covered altar of Cheibriados.
  2630 | D:6      | Found a basalt altar of Yredelemnul.
  2695 | D:6      | Found a staircase to the Ecumenical Temple.
  2779 | D:6      | Reached XP level 8. HP: 52/71 MP: 7/9
  2797 | Temple   | Entered the Ecumenical Temple
  2981 | Temple   | Became a worshipper of Uskayaw the Reveller
  2981 | Temple   | Reached * piety under Uskayaw
  3030 | D:6      | Found a broken altar of Ashenzari.
  3037 | D:6      | Reached ** piety under Uskayaw
  3040 | D:6      | Reached *** piety under Uskayaw
  3135 | D:6      | Reached **** piety under Uskayaw
  3142 | D:6      | Reached ***** piety under Uskayaw
  3155 | D:6      | Reached skill level 7 in Fighting
  3285 | D:6      | Noticed a manticore
  3304 | D:6      | Killed a manticore
  3305 | D:6      | Reached XP level 9. HP: 8/79 MP: 2/11
  3414 | D:6      | Reached skill level 5 in Armour
  3649 | D:5      | Entered Level 5 of the Dungeon
  3975 | D:5      | Reached skill level 8 in Fighting
  5055 | D:4      | Noticed Duvessa
  5058 | D:4      | Noticed Dowan
  5064 | D:4      | Killed Duvessa
  5065 | D:4      | Reached skill level 5 in Invocations
  5067 | D:4      | Killed Dowan
  5069 | D:4      | Noticed Menkaure
  5074 | D:4      | Killed Menkaure
  5200 | D:4      | Found a glowing drain.
  5212 | Sewer    | Entered a sewer
  5440 | Sewer    | Identified the +3 leather armour of the Raven {rF+ rCorr
                  | Int+2}
  5884 | D:7      | Reached XP level 10. HP: 90/90 MP: 12/12
  6283 | D:8      | Noticed a gargoyle
  6308 | D:8      | Killed a gargoyle
  6386 | D:8      | Noticed Pikel
  6400 | D:8      | Killed Pikel
  6401 | D:8      | Reached skill level 9 in Fighting
  6401 | D:8      | Reached skill level 5 in Evocations
  6832 | D:8      | Found a sacrificial altar of Ru.
  7249 | D:9      | Noticed a boulder beetle
  7347 | D:9      | Noticed Reshi88's ghost (novice MiFi)
  7473 | D:9      | Found a runed translucent door.
  7595 | D:9      | Found a shadowy altar of Dithmenos.
  7598 | D:9      | Found a blossoming altar of Fedhas.
  7757 | D:9      | Found an ornate altar of the Wu Jian Council.
  7926 | D:10     | Entered Level 10 of the Dungeon
  8117 | D:10     | Noticed a brown ugly thing
  8129 | D:10     | Killed a brown ugly thing
  8130 | D:10     | Reached XP level 11. HP: 97/99 MP: 14/14
  8137 | D:10     | Noticed a boulder beetle
  8148 | D:10     | Reached ****** piety under Uskayaw
  8181 | D:10     | Killed a boulder beetle
  8209 | D:10     | Noticed a two-headed ogre
  8224 | D:10     | Killed a two-headed ogre
  8225 | D:10     | Reached skill level 10 in Fighting
  8462 | D:10     | Found a staircase to the Lair.
  8871 | D:10     | Identified a scroll of acquirement
  8871 | D:10     | Acquired the scarf of Cirphioph {repulsion, -Cast rPois
                  | rCorr Slay+4}
  9110 | D:11     | Identified the ring "Seifo" {Fly Str+3 Int+3}
  9169 | D:11     | Noticed a two-headed ogre
  9174 | D:11     | Killed a two-headed ogre
  9887 | D:12     | Noticed Rupert
  9975 | D:13     | Noticed Snorg
  9985 | D:13     | Killed Snorg
 10184 | D:13     | Noticed a catoblepas
 10209 | D:13     | Killed a catoblepas
 10210 | D:13     | Reached XP level 12. HP: 43/108 MP: 11/16
 10300 | D:13     | Found a frozen archway.
 10362 | D:13     | Noticed Jorgrun
 10364 | D:13     | Gained mutation: You are somewhat resistant to further
                  | mutation. [potion of mutation]
 10402 | D:12     | Noticed a boulder beetle
 10422 | D:12     | Killed a boulder beetle
 10423 | D:12     | Reached skill level 10 in Short Blades
 10423 | D:12     | Reached skill level 10 in Dodging
 10628 | D:12     | Killed Jorgrun
 10629 | D:12     | Reached skill level 11 in Fighting
 10848 | D:13     | Noticed Urug
 10861 | D:13     | Killed Urug
 11028 | D:13     | Identified the +5 long sword "Ditiv" {speed, rPois Int+8
                  | Dex-4}
 11431 | D:14     | Noticed a centaur warrior
 11446 | D:14     | Killed a centaur warrior
 11447 | D:14     | Reached skill level 10 in Armour
 11501 | Abyss:2  | Found a corrupted altar of Lugonu.
 11501 | Abyss:2  | Cast into level 2 of the Abyss (a wizard)
 11559 | Abyss:2  | Noticed a tentacled starspawn
 11570 | Abyss:2  | Killed a tentacled starspawn
 11627 | Abyss:2  | Noticed a green death
 11635 | Abyss:2  | Killed a green death
 11648 | Abyss:2  | Noticed a tentacled starspawn
 11670 | Abyss:2  | Killed a tentacled starspawn
 11833 | Abyss:2  | Found a corrupted altar of Lugonu.
 11932 | Abyss:2  | Noticed a tentacled starspawn
 11965 | Abyss:2  | Reached XP level 13. HP: 78/117 MP: 18/18
 11967 | Abyss:2  | Killed a tentacled starspawn
 11968 | Abyss:2  | Reached skill level 12 in Fighting
 12072 | D:14     | Escaped the Abyss
 12156 | D:14     | Found an opulent altar of Gozag.
 12181 | D:14     | Noticed an ironbound preserver
 12230 | D:14     | Killed an ironbound preserver
 12329 | Lair:1   | Entered Level 1 of the Lair of Beasts
 12462 | Lair:1   | Found a runed translucent door.
 12462 | Lair:1   | Noticed Arzdou's ghost (journeyman SpEn)
 12617 | Lair:1   | Identified the +0 chain mail "Casch" {Rampage *Slow rCorr
                  | Dex+6}
 12769 | Lair:1   | Noticed Gastronok
 12784 | Lair:1   | Killed Gastronok
 13317 | Lair:1   | Killed Arzdou's ghost
 13442 | Lair:2   | Identified the +1 ring mail "Suese" {rF+ Will+ Dex-3
                  | Stlth+}
 13874 | Lair:2   | Found a staircase to the Swamp.
 13955 | Lair:2   | Found a staircase to the Snake Pit.
 13970 | Lair:2   | Reached skill level 13 in Fighting
 14498 | Lair:3   | Reached XP level 14. HP: 129/129 MP: 20/20
 14879 | Lair:3   | Reached skill level 10 in Invocations
 15052 | Lair:3   | Identified the +10 dagger of Feucsokar {freeze, rC- Will+
                  | Dex+3}
 15746 | Lair:5   | Entered Level 5 of the Lair of Beasts
 15746 | Lair:5   | Found a transporter.
 15747 | Lair:5   | Found a transporter.
 15747 | Lair:5   | Noticed t4s4d4r's ghost (journeyman FeTm)
 16323 | Lair:5   | Found a staircase to the Slime Pits.
 16323 | Lair:5   | Found a viscous altar of Jiyva.
 16511 | Lair:5   | Reached skill level 14 in Fighting
 16841 | Lair:5   | Found a burning altar of Makhleb.
 16863 | Lair:5   | Reached XP level 15. HP: 84/138 MP: 22/22
 16908 | Lair:5   | Found a gateway to Hell.
 16915 | Lair:5   | Identified the +4 plate armour of Gehenna {rC- Str+4 Dex+6}
 17194 | Lair:5   | Killed t4s4d4r's ghost
 17585 | D:12     | Killed Rupert
 17586 | D:12     | Reached skill level 10 in Evocations
 17613 | D:12     | Found a staircase to the Orcish Mines.
 18367 | Orc:1    | Entered Level 1 of the Orcish Mines
 19130 | Orc:2    | Entered Level 2 of the Orcish Mines
 19177 | Orc:2    | HP: 4/139 [ogre mage/bolt of magma (26)]
 19297 | Orc:2    | Paralysed by an ogre mage for 4 turns
 19520 | Orc:2    | Found a staircase to the Elven Halls.
 19858 | Orc:2    | Found Teota's Jewellery Boutique.
 19863 | Orc:2    | Found Ulafa's Assorted Antiques.
 19868 | Orc:2    | Found Oppucrur's Assorted Antiques.
 19869 | Orc:2    | Found Giuqael's Magic Scroll Shop.
 19913 | Orc:2    | Bought 2 scrolls of teleportation for 60 gold pieces
 19913 | Orc:2    | Bought a scroll of teleportation for 30 gold pieces
 19913 | Orc:2    | Bought a scroll of enchant armour for 75 gold pieces
 19913 | Orc:2    | Bought a scroll of enchant armour for 75 gold pieces
 19939 | Orc:2    | Bought a scroll of teleportation for 84 gold pieces
 19945 | Orc:2    | Bought a smoky amethyst potion for 24 gold pieces
 20497 | D:14     | Reached skill level 15 in Fighting
 20502 | D:14     | Found a gate to the Vaults.
 21463 | D:15     | Entered Level 15 of the Dungeon
 21581 | D:15     | Reached XP level 16. HP: 119/149 MP: 23/23
 21591 | D:15     | Noticed Louise
 21599 | D:15     | Killed Louise
 21724 | D:15     | Identified the +0 leather armour "Ulafofry" {rF+ Int+2}
 22098 | D:15     | Found a staircase to the Depths.
 22774 | Swamp:1  | Entered Level 1 of the Swamp
 22860 | Swamp:1  | Noticed a thorn hunter
 22962 | Swamp:1  | Killed a thorn hunter
 24422 | Swamp:3  | Reached skill level 15 in Armour
 24782 | Swamp:3  | Reached skill level 16 in Fighting
 24922 | Swamp:4  | Entered Level 4 of the Swamp
 25156 | Swamp:4  | Found a shadowy altar of Dithmenos.
 25455 | Swamp:4  | Noticed a thorn hunter
 25485 | Swamp:4  | Killed a thorn hunter
 25555 | Swamp:4  | Reached XP level 17. HP: 158/158 MP: 25/25
 25760 | Swamp:4  | Reached skill level 15 in Dodging
 25768 | Swamp:4  | Reached skill level 15 in Short Blades
 25975 | Swamp:4  | Paralysed by a great orb of eyes for 4 turns
 26206 | Swamp:4  | Got a decaying rune of Zot
 26503 | Snake:1  | Entered Level 1 of the Snake Pit
 27770 | Snake:2  | Noticed Vashnia
 27793 | Snake:2  | Killed Vashnia
 28199 | Snake:2  | Noticed Donald
 28226 | Snake:2  | Killed Donald
 28227 | Snake:2  | HP: 6/160 [salamander/+0 trident (15)]
 28719 | Snake:2  | Noticed Agnes
 28730 | Snake:2  | Killed Agnes
 28731 | Snake:2  | Reached skill level 17 in Fighting
 29108 | Snake:3  | Noticed Aizul
 29131 | Snake:3  | Killed Aizul
 29364 | Snake:3  | Reached XP level 18. HP: 152/169 MP: 27/27
 29848 | Snake:4  | Entered Level 4 of the Snake Pit
 29890 | Snake:4  | Found Xudito Bophi's Jewellery Shoppe.
 29948 | Snake:4  | Bought the amulet "Gisoex" {Acrobat rElec rC+ Slay+2} for
                  | 712 gold pieces
 29961 | Snake:4  | Noticed Mara
 29967 | Snake:4  | Noticed Anon1729's illusion
 29983 | Snake:4  | Killed Mara
 30094 | Snake:4  | Identified the +4 quarterstaff of the Undead {spect,
                  | Fragile rN+ SInv}
 30526 | Snake:4  | Got a serpentine rune of Zot
 31179 | Elf:1    | Entered Level 1 of the Elven Halls
 31249 | Elf:1    | Identified Roxanne's Parchment of Shapeshifting
 31249 | Elf:1    | Noticed Roxanne
 31315 | Elf:1    | Killed Roxanne
 31360 | Elf:1    | Found a transporter.
 31364 | Elf:1    | Noticed Inaomoin's ghost (adept GrEE)
 31366 | Elf:1    | Found a transporter.
 31372 | Elf:1    | Found a bloodstained altar of Trog.
 31372 | Elf:1    | You are sucked into a shaft and drop 1 floor!
 31372 | Elf:2    | Found a runed translucent gate.
 31372 | Elf:2    | Found a runed translucent gate.
 31372 | Elf:2    | Found a runed translucent gate.
 31382 | Elf:2    | Noticed Nikola
 31452 | Elf:2    | Killed Nikola
 31471 | Elf:2    | Reached skill level 18 in Fighting
 31703 | Elf:2    | Reached XP level 19. HP: 179/179 MP: 28/28
 31711 | Elf:2    | Paralysed by an air elemental for 1 turns
 33423 | Elf:1    | Noticed Frances
 33761 | Elf:1    | Killed Frances
 34005 | Elf:1    | HP: 1/180 [deep elf blademaster/+1 heavy quick blade (12)]
 34005 | Elf:1    | Annihilated by a deep elf blademaster

Illustrated notes

Levels and vault maps discovered:
D:1:      onia_arrival_mini_spirals, layout_loops_ring, lemuel_flame_loot_1
D:2:      layout_basic, ebering_ecumenical_altar_webs
D:3:      layout_rooms, overflow_temple_1_default, serial_forest,
          infiniplex_forest_end_3, infiniplex_forest_corner_1,
          infiniplex_forest_lined_corner, infiniplex_forest_lined_4_way,
          uniq_sigmund, uniq_jessica, uniq_natasha, uniq_pargi
D:4:      layout_basic, cheibrodos_sewer_entry_bend, uniq_duvessa, uniq_menkaure
D:5:      layout_loops_ring, dreamdust_princess_bridge
D:6:      layout_gridville, evilmike_ruin_ashenzari,
          chequers_temple_overflow_minitemple, minmay_temple_entry_wispy,
          nicolae_ossuary_entry_ruins, minmay_divided_ellipse
D:7:      layout_cave_pools
D:8:      layout_cave_pools, nicolae_ru_path_of_blood, minmay_small_thing,
          uniq_pikel
D:9:      gammafunk_indiana_jones, layout_small_grid,
          chequers_temple_overflow_statue_of_worship, nzn_wu_jian_contemplation,
          hellmonk_ghost_big_iron, serial_ice, serial_ice_k, serial_ice_e,
          serial_ice_d, serial_ice_o
D:10:     kennysheep_blocky_room, layout_basic
D:11:     statuecave_lemuel, layout_loops_cross
D:12:     layout_layer_cave, minmay_orc_entry_temple_small, uniq_rupert
D:13:     layout_loops_corners, portal_ice_cave_entry_ice_simulacra,
          uniq_jorgrun, uniq_snorg, uniq_urug
D:14:     layout_loops_corners, skrybe_vaults_entry_preservation,
          nicolae_gozag_seed_capital, grunt_ogre_cave
D:15:     hangedman_depths_entry_civil_slaughter, layout_loops_ring,
          columned_hall_lemuel, uniq_louise
Temple:   nicolae_temple_bog_church
Lair:1:   beast_lair_carwin_large_2, layout_small_grid,
          hellmonk_ghost_happy_afterlife, lemuel_fruit_fields,
          lemuel_fruit_tree, infiniplex_staircase_pool_2, uniq_gastronok
Lair:2:   layout_loops_ring, skrybe_swamp_entry_bodies,
          nicolae_snake_entry_warm_welcome
Lair:3:   layout_cave_shapes
Lair:4:   layout_roguey
Lair:5:   evil_forest, layout_layer_cave, slime_entry_1, gammafunk_ghost_arena
Swamp:1:  layout_falls_marsh, evilmike_swamp_ruin_rubble_2, swamp_pool1
Swamp:2:  layout_falls_marsh, evilmike_swamp_ruin_house_6
Swamp:3:  layout_basic_swamp, evilmike_swamp_ruin_house_2
Swamp:4:  swamp_vile, layout_basic_swamp, swamp_pool3, nicolae_swamp_godswood,
          nicolae_swamp_soggy_hallways
Snake:1:  layout_chambers, serial_bayou_pond_c
Snake:2:  layout_gridlike, uniq_agnes, uniq_donald, uniq_vashnia
Snake:3:  layout_rooms, nicolae_triple_integral, uniq_aizul
Snake:4:  hellmonk_snake_rune_quicksilver_temple, layout_misc_corridors,
          serial_shops, shop, grunt_ministairs_12, drop_trap, uniq_mara
Orc:1:    cheibrodos_orc_arena, layout_caves, basic_altar
Orc:2:    st_orc_open, layout_caves
Elf:1:    layout_loops_corners, gammafunk_ghost_wrathful_warriors,
          evilmike_minifort, st_stairs_4, uniq_roxanne, uniq_frances
Elf:2:    nicolae_elf_blades_crystal_corner, layout_loops_corners, uniq_nikola

Skill      XL: |  1  2  3  4  5  6  7  8  9 10 11 12 13 14 15 16 17 18 19 |
---------------+----------------------------------------------------------+-----
Fighting       | 4 5 6 7 8 9 10 11 13 14 15 16 17 18 | 18.5
Short Blades   | 4 5 6 7 8 9 10 11 12 13 14 15 16 17 | 17.0
Dodging        | 4 5 6 7 8 9 10 11 12 13 14 15 16 17 | 17.0
Armour         | 1 2 3 4 6 7 9 10 11 13 14 15 16 17 | 17.8
Invocations    | 1 2 4 5 6 7 8 9 10 11 12 13 14 | 14.8
Evocations     | 1 2 3 4 5 6 7 8 9 10 11 12 13 | 13.5

Action                     |  1- 3 |  4- 6 |  7- 9 | 10-12 | 13-15 | 16-18 | 19-21 || total
---------------------------+-------+-------+-------+-------+-------+-------+-------++-------
  Melee: Short sword       |    77 |    82 |   430 |   697 |   915 |  1740 |   282 ||  4223
         Headbutt          |    19 |    25 |   112 |   226 |   403 |   686 |    92 ||  1563
         Dagger            |       |       |       |       |   290 |       |       ||   290
  Throw: Throwing net      |       |       |       |     1 |       |       |       ||     1
 Invoke: Stomp             |       |       |     2 |     5 |     8 |    10 |     5 ||    30
         Line Pass         |       |       |     1 |     5 |     4 |     6 |     1 ||    17
         Grand Finale      |       |       |       |       |     2 |     3 |     1 ||     6
  Evoke: Lightning rod     |       |       |     1 |     4 |     3 |       |     2 ||    10
         Wand              |       |       |       |     7 |     2 |     2 |     1 ||    12
    Use: Scroll            |       |       |       |    20 |     7 |     9 |     5 ||    41
         Potion            |       |       |       |     3 |     4 |     2 |     2 ||    11
   Stab: Paralysed         |       |       |    18 |    46 |   105 |   137 |    22 ||   328
         Confused          |       |       |       |     1 |     1 |     3 |       ||     5
         Distracted        |       |       |       |       |       |     1 |       ||     1
 Armour: Robe              |    18 |     7 |       |       |       |       |       ||    25
         Troll leather arm |       |    29 |    79 |    71 |   113 |   162 |    25 ||   479
  Dodge: Dodged            |    43 |    88 |   284 |   405 |   920 |   945 |   169 ||  2854
         Repelled          |       |       |       |     1 |     6 |    41 |     8 ||    56
  Block: Orb               |       |       |       |       |    22 |   155 |       ||   177
         Reflection        |       |       |       |       |     2 |    16 |       ||    18

Table legend: (Time is in decaauts)
 A = Elapsed time spent in this place.
 B = Non-inter-level travel time spent in this place.
 C = Inter-level travel time spent in this place.
 D = Time resting spent in this place.
 E = Time spent auto-exploring this place.
 F = Levels seen in this place.
 G = Mean time per level.
                   A        B        C        D        E       F      G
               +--------+--------+--------+--------+--------+-----+--------+
         Total |  32048 |  29877 |   2171 |   2413 |  21626 |  36 |  890.2 |
       Dungeon |  14049 |  12865 |   1184 |    750 |   9954 |  15 |  936.6 |
        Temple |    218 |    166 |     52 |      0 |    154 |   1 |  218.0 |
          Lair |   4815 |   4420 |    395 |     74 |   3662 |   5 |  963.0 |
         Swamp |   3300 |   3172 |    128 |    415 |   2088 |   4 |  825.0 |
     Snake Pit |   4173 |   3999 |    174 |    230 |   3012 |   4 | 1043.2 |
  Orcish Mines |   1854 |   1690 |    164 |    521 |    799 |   2 |  927.0 |
   Elven Halls |   2597 |   2525 |     72 |    273 |   1692 |   2 | 1298.5 |
         Abyss |    520 |    520 |      0 |    149 |     21 |   1 |  520.0 |
         Sewer |    289 |    289 |      0 |      0 |    121 |   1 |  289.0 |
       Ossuary |    230 |    230 |      0 |      0 |    122 |   1 |  230.0 |
               +--------+--------+--------+--------+--------+-----+--------+

Top non-repeatable levels by time:
    D:12: 1637 daAuts
  Lair:5: 1409 daAuts
 Swamp:4: 1365 daAuts
   Elf:2: 1358 daAuts
    D:14: 1265 daAuts
   Orc:1: 1260 daAuts
   Elf:1: 1238 daAuts
 Snake:1: 1236 daAuts
    D:13: 1230 daAuts
    D:15: 1067 daAuts
 Snake:2: 1031 daAuts
  Lair:2: 1024 daAuts
    D:10: 1023 daAuts
  Lair:1: 986 daAuts
 Snake:4: 985 daAuts
